 Dungeon Crawl Stone Soup version 0.24-a0-244-ga6a6ab7 (webtiles) character file.

Game seed: 14284108274079489885

56 MatthieuS the Changer (level 4, -3/30 HPs)
             Began as a Human Wanderer on Apr 11, 2019.
             Slain by Natasha (7 damage)
             ... on level 2 of the Dungeon.
             The game lasted 00:05:02 (2411 turns).

MatthieuS the Changer (Human Wanderer)              Turns: 2411, Time: 00:05:02

Health: -3/30      AC:  8    Str: 10    XL:     4   Next: 15%
Magic:  7/7        EV:  8    Int: 13    God:
Gold:   25         SH:  0    Dex: 15    Spells: 6/7 levels left

rFire    . . .     SeeInvis .   l - +0 hand axe
rCold    . . .     Gourm    +   (no shield)
rNeg     . . .     Faith    .   d - +2 scale mail
rPois    .         Spirit   .   (no helmet)
rElec    .         Reflect  .   (no cloak)
rCorr    .         Harm     .   (no gloves)
MR       .....                  (no boots)
Stlth    +.........             h - amulet of the gourmand
HPRegen  0.10/turn              (no ring)
MPRegen  0.10/turn              (no ring)

@: no status effects
A: no striking features
a: no special abilities


You were on level 2 of the Dungeon.
You were completely stuffed.

You visited 1 branch of the dungeon, and saw 2 of its levels.

You collected 25 gold pieces.

Inventory:

Hand Weapons
 a - a +0 dagger
 l - a +0 hand axe (weapon)
   (You found it on level 2 of the Dungeon)
Armour
 d - a +2 scale mail (worn)
 f - a +0 leather armour
   (You found it on level 1 of the Dungeon)
Jewellery
 h - an amulet of the gourmand (around neck)
   (You found it on level 1 of the Dungeon)
Scrolls
 c - a scroll of remove curse {unknown}
 i - a scroll of teleportation {unknown}
 j - a scroll of fog {unknown}
 k - a scroll of identify {unknown}
Comestibles
 e - 4 rations
 g - 3 chunks of flesh


   Skills:
   Level 1.0 Bows
 + Level 2.9 Armour
 + Level 2.3 Stealth
 + Level 2.0 Spellcasting
   Level 3.0 Transmutations
   Level 1.0 Ice Magic
   Level 1.0 Evocations


You had 6 spell levels left.
You knew the following spells:

 Your Spells              Type           Power        Failure   Level  Hunger
a - Pain                  Necr           #...         85%         1    ##.....

Your spell library contained the following spells:

 Spells                   Type           Power        Failure   Level  Hunger
 Freeze                   Ice            #...         71%         1    ##.....
 Ozocubu's Armour         Chrm/Ice       #.......     98%         3    ####...
 Vampiric Draining        Necr           #.........   99%         3    ####...


Dungeon Overview and Level Annotations

Branches:
Dungeon (2/15)

Altars:

Annotations:
D:2 Natasha, Robin


Message History

You closely miss the kobold. The kobold hits you but does no damage.
You hit the kobold.
The kobold hits you with a cursed +0 whip.
You hit the kobold.
You kill the kobold!
Found a stone staircase leading down.
Things that are here:
a cursed +0 whip; a kobold corpse No target in view!
Things that are here:
a cursed +0 whip; a kobold corpse The kobold corpse isn't edible.
Natasha, Servant of Life and Death comes into view.
Found 14 gold pieces.
Natasha stares at you and mumbles some strange words.
The magic dart hits you.
You see here a hand axe.
l - a hand axe Wield which item (- for none, * to show all)? (? for menu, Esc to quit)
l - a +0 hand axe (weapon)
Natasha casts a spell at you. The magic dart hits you.
* * * LOW HITPOINT WARNING * * *
It was a potion of curing.
You feel better.
You hit Natasha but do no damage. Natasha claws you.
You hit Natasha. Natasha claws you but does no damage. Natasha claws you.
* * * LOW HITPOINT WARNING * * *
You hit Natasha but do no damage. Natasha claws you but does no damage.
You hit Natasha but do no damage. Natasha claws you but does no damage.
Unknown command.
You hit Natasha.
Natasha stares at you and mumbles some strange words.
The magic dart hits you.
* * * LOW HITPOINT WARNING * * *
Natasha hisses.
Natasha casts a spell at you. The magic dart hits you.
* * * LOW HITPOINT WARNING * * *
You hit Natasha. Natasha closely misses you.
Unknown command.
You closely miss Natasha.
Natasha stares at you and mumbles some strange words.
You resist with some effort.
Unknown command.
You closely miss Natasha.
Natasha claws you but does no damage. x2
Unknown command.
You closely miss Natasha. Natasha claws you.
* * * LOW HITPOINT WARNING * * *
You hit Natasha but do no damage. Natasha claws you!
You die...

#....# #.#.#.# #....#
#.#.#.# #.#.# ### #)#.#
.... #.#+#######....
#..............
#.########..............
.<..................$..
###...........@###....
#...........h# #
#............#
#............#
#............#
#............#
+............#
#............#
#..............


You could see Natasha.

Vanquished Creatures
  2 oozes (D:1)
  A worm (D:2)
  A dart slug (D:1)
  2 leopard geckos
  2 giant cockroaches
  7 goblins
  6 hobgoblins
  A quokka (D:2)
  4 ball pythons
  5 bats (D:1)
  A frilled lizard (D:2)
  4 kobolds
  3 rats
39 creatures vanquished.

Notes
Turn   | Place    | Note
-------+----------+-------------------------------------------
     0 | D:1      | MatthieuS the Human Wanderer began the quest for the Orb.
     0 | D:1      | MatthieuS set off with the following items: a +0 dagger, a
                  | +2 scale mail, a ration; and the following spells available
                  | to memorise: Freeze, Pain, Ozocubu's Armour, Vampiric
                  | Draining
     0 | D:1      | Reached XP level 1. HP: 13/13 MP: 2/2
     2 | D:1      | Learned a level 1 spell: Pain
   137 | D:1      | Reached XP level 2. HP: 10/19 MP: 3/3
   787 | D:1      | Reached XP level 3. HP: 20/24 MP: 5/5
  1407 | D:2      | Noticed Robin
  2027 | D:2      | Reached XP level 4. HP: 5/30 MP: 6/6
  2392 | D:2      | Noticed Natasha
  2411 | D:2      | Slain by Natasha

Levels and vault maps discovered:
D:1:      eino_arrival_cavern_a, layout_loops_ring
D:2:      layout_basic, eino_curves_03, uniq_natasha, uniq_robin

Skill      XL: |  1  2  3  4 |
---------------+-------------+-----
Stealth        | 2 |  2.3
Spellcasting   | 2 |  2.0
Bows           | |  1.0
Armour         | |  2.9
Transmutations | |  3.0
Ice Magic      | |  1.0
Evocations     | |  1.0

Action                   |  1- 3 |  4- 6 || total
-------------------------+-------+-------++-------
Melee: Dagger            |   176 |    42 ||   218
       Hand axe          |       |    10 ||    10
 Cast: Pain              |     1 |       ||     1
  Use: Potion            |     2 |     1 ||     3
  Eat: Chunk             |    17 |     2 ||    19
Armor: Scale mail        |    91 |    27 ||   118
Dodge: Dodged            |    92 |    22 ||   114

Table legend:
 A = Non-vault XP
 B = Vault XP
 C = Vault XP percentage of total XP
 D = Non-vault monster count
 E = Vault monster count
 F = Vault count percentage of total count
                 A         B        C        D         E       F
            +---------+---------+-------+---------+---------+-------
      Total |      70 |      10 |  12.5 |      34 |       5 |  12.8
            +---------+---------+-------+---------+---------+-------
        D:1 |      45 |       8 |  15.1 |      21 |       4 |  16.0
        D:2 |      25 |       2 |   7.4 |      13 |       1 |   7.1
            +---------+---------+-------+---------+---------+-------
